 Dungeon Crawl Stone Soup version 0.13-a0-1536-gedae9ec (webtiles) character file.

101 Kae the Vexing (level 3, 0/16 HPs)
             Began as a Spriggan Enchanter on June 9, 2013.
             Slain by Ijyb (1 damage)
             ... on Level 2 of the Dungeon.
             The game lasted 00:02:17 (1448 turns).

Kae the Vexing (Spriggan Enchanter)                 Turns: 1448, Time: 00:02:17

HP   0/16        AC  3     Str  5      XL: 3   Next: 33%
MP   1/9         EV 18     Int 16      God:
Gold 59          SH  0     Dex 16      Spells:  2 memorised,  3 levels left

Res.Fire  : . . .   See Invis. : +   a - +1 dagger {=f}
Res.Cold  : . . .   Warding    : .   b - +1 robe
Life Prot.: . . .   Conserve   : .   (shield restricted)
Res.Poison: .       Res.Corr.  : .   (helmet restricted)
Res.Elec. : .       Clarity    : .   (no cloak)
Sust.Abil.: . .     Spirit.Shd : .   (gloves unavailable)
Res.Mut.  : .       Stasis     : .   (boots unavailable)
Res.Rott. : .       Flight     : .   (no amulet)
Saprovore : . . .                    (no ring)
                                     (no ring)

@: very quick, slightly resistant to hostile enchantments, stealthy
A: unfitting armour, see invisible, herbivore 3, speed 3, slow metabolism 2
a: no special abilities


You were on level 2 of the Dungeon.
You were not hungry.

You visited 1 branch of the dungeon, and saw 2 of its levels.

You collected 39 gold pieces.

Inventory:

Hand weapons
 a - a +1,+1 dagger (weapon) {=f}
Missiles
 d - 12 darts (quivered)
Armour
 b - a +1 robe (worn)
Scrolls
 g - a scroll of remove curse {unknown}
 j - a scroll of identify {unknown}
Potions
 e - a potion of porridge
 f - 2 potions of paralysis {unknown}
 h - a potion of curing {unknown}
 i - a potion of heal wounds {unknown}
Books
 c - a book of Maledictions

   Spells                             Type                      Level
   *Corona                            Hexes                        1
   Sure Blade                         Hexes/Charms                 2
   *Ensorcelled Hibernation           Hexes/Ice                    2
   Confuse                            Hexes                        3
   Enslavement                        Hexes                        4
   Invisibility                       Hexes                        6


   Skills:
 * Level 2.5 Short Blades
 - Level 1.1 Throwing
 - Level 3.0 Dodging
 + Level 3.3 Stealth
 + Level 2.1 Spellcasting
 + Level 4.1 Hexes


You had 3 spell levels left.
You knew the following spells:

 Your Spells              Type           Power        Failure   Level  Hunger
a - Corona                Hex            ##.....      4%          1    #......
b - Ensorcelled Hibernat  Hex/Ice        #.....       14%         2    ###....


Dungeon Overview and Level Annotations

Branches:
Dungeon (2/27)

Altars:

Annotations
D:2 Ijyb


Innate Abilities, Weirdness & Mutations

You are tiny and cannot use many weapons and most armour.
You have supernaturally acute eyesight.
You are a herbivore.
You cover ground extremely quickly.
You need consume almost no food.


Message History

Ijyb struggles to resist.
Ijyb zaps a wand.
The magic dart hits you!
* * * LOW HITPOINT WARNING * * *
Casting: Ensorcelled Hibernation
Confirm with . or Enter, or press ? or * to list all spells.
Aiming: Ensorcelled Hibernation
Press: ? - help, Shift-Dir - straight line, f/p - Ijyb
Aim: Ijyb carrying a wand of magic darts {zapped: 2} Ijyb looks drowsy...
The helpless Ijyb fails to defend himself.
You slice Ijyb!!
Ijyb is severely wounded.
You hit Ijyb.
Ijyb is almost dead.
Ijyb zaps a wand.
The magic dart hits you!
* * * LOW HITPOINT WARNING * * *
You hit Ijyb.
Ijyb is almost dead.
Ijyb screams, "Get away!"
Ijyb hits you.
You die...

###########
#.........###
#.........'.# ###
#.........#.# ....
#.........#.# .....
#.........#.##.......
#.........#.@g?......
+.........####.......
#.........# .....
#.........# #+##
#####'##### #..#
###'##### # #.......#
# #####.......#


You could see Ijyb.

Vanquished Creatures
  A giant mite (D:1)
  An adder (D:2)
  A giant gecko (D:1)
  An ooze (D:1)
  2 giant cockroaches (D:1)
  2 goblins (D:1)
  2 hobgoblins (D:1)
  4 jackals (D:1)
  3 kobolds (D:1)
  A ball python (D:1)
  3 bats (D:1)
  2 rats (D:1)
23 creatures vanquished.

Vanquished Creatures (others)
  A giant newt (D:1)
  A kobold (D:1)
2 creatures vanquished.

Grand Total: 25 creatures vanquished

Notes
Turn   | Place    | Note
--------------------------------------------------------------
     0 | D:1      | Kae, the Spriggan Enchanter, began the quest for the Orb.
     0 | D:1      | Reached XP level 1. HP: 9/9 MP: 4/4
   457 | D:1      | Reached XP level 2. HP: 10/13 MP: 6/6
   463 | D:1      | Learned a level 2 spell: Ensorcelled Hibernation
   951 | D:1      | Reached skill level 4 in Hexes
  1042 | D:1      | Reached XP level 3. HP: 16/16 MP: 9/9
  1436 | D:2      | Noticed Ijyb
  1448 | D:2      | Slain by Ijyb

Action                   || total
-------------------------++-------
Melee: Dagger            ||   103
 Cast: Ensorcelled Hiber ||    11
 Stab: Sleeping          ||    13
